Nordiques vs Bruins

Created - 18 février 2022 at 16:44

Goals
1 2 3 T
Nordiques 0 2 1 3
Bruins 1 2 1 4
Shots
1 2 3 T
Nordiques 6 13 12 31
Bruins 11 14 18 43

1st period

1. Bruins , Dustin Brown 20 (Claude Giroux 23, Brady Tkachuk 28) at 10:34

Penalties :
Brady Tkachuk (BOS) for Hooking (Minor) at 14:43

2nd period

2. Nordiques , Lucas Raymond 11 (Sebastian Aho 29, Ryan Lindgren 14) at 2:23
3. Nordiques , Patrick Brown 8 (Pius Suter 17) at 2:54
4. Bruins , Dustin Brown 21 (Andy Greene 14, Claude Giroux 24) at 16:13
5. Bruins , Sean Monahan 14 (Seth Jones 22, Brent Burns 19) at 16:37

Penalties :
Claude Giroux (BOS) for Fighting (Major) at 2:30, Alex Newhook (QUE) for Fighting (Major) at 2:30

3rd period

6. Nordiques , Pius Suter 13 (Nils Hoglander 13) at 0:09
7. Bruins , Paul Stastny 19 (Jakob Chychrun 13, Anthony Mantha 15) at 6:57

Penalties :
Zdeno Chara (QUE) for Interference (Minor) at 11:24

Goalie Stats

Dan Vladar (QUE), 39 saves from 43 shots - (0,907), L, 18-15-10, 59:17 minutes
Petr Mrazek (BOS), 28 saves from 31 shots - (0,903), W, 7-4-3, 60:00 minutes

Players Stats for Nordiques

Player Name              G  A  P  +/- PIM S  H  SB GA TA FO     MP     PP MP  PK MP  
------------------------------------------------------------------------------------
Alex Newhook             0  0  0  -2  5   1  1  0  0  0  5/13   12:24   0:00   0:00 
Alexander Wennberg       0  0  0   1  0   2  0  0  0  0  0/1    17:16   1:05   0:48 
C.J. Smith               0  0  0  -1  0   0  2  1  0  0  0/0    14:01   0:00   0:00 
Joel Farabee             0  0  0  -1  0   5  2  0  0  2  0/1    14:15   0:54   0:57 
Kirby Dach               0  0  0  -1  0   1  0  0  0  0  4/13   14:58   0:54   1:02 
Lucas Raymond            1  0  1   1  0   8  0  0  2  0  0/0    16:28   1:05   0:00 
Martin Fehervary         0  0  0  -2  0   0  0  2  0  1  0/0    20:25   0:32   1:00 
Mathieu Perreault        0  0  0  -1  0   0  3  0  0  0  1/1    13:18   0:54   0:00 
Nils Hoglander           0  1  1   0  0   1  0  0  0  0  0/1    14:57   0:00   0:05 
Patrick Brown            1  0  1  -1  0   1  2  0  1  1  2/3    14:01   0:00   0:00 
Philippe Myers           0  0  0   1  0   1  1  1  0  2  0/0    20:01   1:15   0:59 
Pius Suter               1  1  2   1  0   2  1  0  1  0  4/12   14:34   0:00   0:00 
Ryan Lindgren            0  1  1   1  0   1  3  1  0  2  0/0    20:01   1:15   0:59 
Sebastian Aho            0  1  1   1  0   5  2  1  1  1  8/11   17:12   1:05   0:44 
Shayne Gostisbehere      0  0  0  -2  0   0  0  2  0  0  0/0    19:25   0:32   0:00 
Travis Sanheim           0  0  0   0  0   0  1  0  1  1  0/0    20:34   0:12   1:00 
Vasili Podkolzin         0  0  0   0  0   1  1  0  0  0  0/1    13:40   0:00   0:22 
Zdeno Chara              0  0  0   0  2   2  4  0  0  1  0/0    20:29   0:12   0:00 

Players Stats for Bruins

Player Name              G  A  P  +/- PIM S  H  SB GA TA FO     MP     PP MP  PK MP  
------------------------------------------------------------------------------------
Alex Barre-Boulet        0  0  0   0  0   7  0  0  0  0  1/1    16:20   0:26   0:00 
Andy Greene              0  1  1   1  0   2  0  1  0  0  0/0    18:15   0:00   0:55 
Anthony Beauvillier      0  0  0   0  0   1  1  0  0  0  0/0    15:48   1:01   0:00 
Anthony Mantha           0  1  1   1  0   1  0  0  0  0  0/0    15:24   0:00   0:00 
Brady Tkachuk            0  1  1   1  2   3  3  1  1  1  1/1    17:52   0:48   0:00 
Brent Burns              0  1  1   0  0   3  0  2  1  0  0/0    25:03   1:11   1:08 
Claude Giroux            0  2  2   1  5   5  1  1  1  0  5/12   17:58   0:48   0:45 
Dmitry Kulikov           0  0  0   0  0   1  1  2  0  0  0/0    17:04   0:48   0:12 
Dustin Brown             2  0  2   1  0   2  3  1  0  0  1/1    18:05   0:45   0:14 
Dylan Gambrell           0  0  0  -1  0   1  0  0  0  0  0/0     8:38   0:00   0:14 
Jakob Chychrun           0  1  1   1  0   2  2  2  2  1  0/0    17:53   0:00   0:39 
Joel Edmundson           0  0  0   0  0   0  0  0  0  0  0/0    17:05   0:48   0:13 
Luke Glendening          0  0  0  -1  0   1  0  0  1  0  2/4     8:38   0:00   1:00 
Max Comtois              0  0  0  -1  0   2  3  0  0  0  0/3    10:08   0:10   1:00 
Nico Hischier            0  0  0   0  0   2  2  0  2  0  12/18  16:56   1:01   0:00 
Paul Stastny             1  0  1   1  0   6  1  1  0  0  1/1    15:24   0:00   0:00 
Sean Monahan             1  0  1   1  0   3  2  0  0  1  10/16  16:48   0:58   0:45 
Seth Jones               0  1  1   0  0   1  1  2  3  3  0/0    24:40   1:11   0:51 

3 Stars

1 - Dustin Brown (BOS)
2 - Pius Suter (QUE)
3 - Sean Monahan (BOS)

Power Play

Nordiques - 0 on 1 Attempt(s) - 0,00%
Bruins - 0 on 1 Attempt(s) - 0,00%

Penalty Kill

Nordiques - 1 on 1 Attempt(s) - 100,00% - Score 0 goal in Penalty Kill
Bruins - 1 on 1 Attempt(s) - 100,00% - Score 0 goal in Penalty Kill

Team Stat

Nordiques - Hits : 23 - Faceoff Wins : 24 - Blocked Shots : 8 - Penalty Minutes : 7
Bruins - Hits : 20 - Faceoff Wins : 33 - Blocked Shots : 13 - Penalty Minutes : 7

Official

Referees : Corey Syvret and Mike Sheehan
Linesman : Jonny Murray and Steven Berry

Game Notes

Alex Newhook beats up Claude Giroux at 2:30 of 2nd period

Finance

Level 1 -- Attendance: 5343 (89,05%) -- Ticket Income 534 300 $
Level 2 -- Attendance: 4414 (88,28%) -- Ticket Income 264 840 $
Level 3 -- Attendance: 2000 (100,00%) -- Ticket Income 70 000 $
Level 4 -- Attendance: 3649 (91,23%) -- Ticket Income 72 980 $
Luxury Box -- Attendance: 899 (89,90%) -- Ticket Income 179 800 $
Game was played at the Boston Garden.
Total Attendance: 16305 (90,58%)
Total Ticket Income: 1 121 920 $
Other Income: 549 741 $
Total Income: 1 671 661 $

Nordiques

5 vs 5 Forward 
   Center                   Left Wing                Right Wing               Time % Phy DF OF 
 1 Sebastian Aho            Alexander Wennberg       Lucas Raymond            25     0   2  3  
 2 Kirby Dach               Joel Farabee             Mathieu Perreault        25     0   2  3  
 3 Pius Suter               Nils Hoglander           Vasili Podkolzin         25     0   2  3  
 4 Alex Newhook             C.J. Smith               Patrick Brown            25     0   2  3  

5 vs 5 Defense 
   Defense                  Defense                                           Time % Phy DF OF 
 1 Zdeno Chara              Travis Sanheim                                    34     0   2  3  
 2 Ryan Lindgren            Philippe Myers                                    33     0   2  3  
 3 Shayne Gostisbehere      Martin Fehervary                                  33     0   2  3  
 4 Zdeno Chara              Travis Sanheim                                    0      0   2  3  

PowerPlay Forward 
   Center                   Left Wing                Right Wing               Time % Phy DF OF 
 1 Sebastian Aho            Alexander Wennberg       Lucas Raymond            50     0   2  3  
 2 Kirby Dach               Joel Farabee             Mathieu Perreault        50     0   2  3  

PowerPlay Defense
   Defense                  Defense                                           Time % Phy DF OF 
 1 Zdeno Chara              Travis Sanheim                                    50     0   2  3  
 2 Ryan Lindgren            Philippe Myers                                    50     0   2  3  

Penalty Kill 4 Players Forward 
   Center                   Wing                     Time % Phy DF OF 
 1 Kirby Dach               Joel Farabee             50     0   2  3  
 2 Sebastian Aho            Alexander Wennberg       50     0   2  3  

Penalty Kill 4 Players Defense
   Defense                  Defense                  Time % Phy DF OF 
 1 Zdeno Chara              Travis Sanheim           50     0   2  3  
 2 Ryan Lindgren            Philippe Myers           50     0   2  3  

Penalty Kill - 3 Players Forward 
   Forward                                           Time % Phy DF OF 
 1 Kirby Dach                                        50     0   2  3  
 2 Sebastian Aho                                     50     0   2  3  

Penalty Kill - 3 Players Defense
   Defense                  Defense                  Time % Phy DF OF 
 1 Zdeno Chara              Travis Sanheim           50     0   2  3  
 2 Ryan Lindgren            Philippe Myers           50     0   2  3  

4 vs 4 Forward 
   Center                   Wing                     Time % Phy DF OF 
 1 Sebastian Aho            Alexander Wennberg       50     0   2  3  
 2 Lucas Raymond            Kirby Dach               50     0   2  3  

4 vs 4 Defense
   Defense                  Defense                  Time % Phy DF OF 
 1 Zdeno Chara              Travis Sanheim           50     0   2  3  
 2 Ryan Lindgren            Philippe Myers           50     0   2  3  

Last Minutes Offensive
   Center                   Left Wing                Right Wing               Defense                  Defense                  
   Sebastian Aho            Alexander Wennberg       Lucas Raymond            Zdeno Chara              Travis Sanheim           

Last Minutes Defensive
   Center                   Left Wing                Right Wing               Defense                  Defense                  
   Sebastian Aho            Alexander Wennberg       Lucas Raymond            Zdeno Chara              Travis Sanheim           

Goaltenders
Starting : Dan Vladar               
Backup : Devan Dubnyk             

Extra Forwards
Normal : Pius Suter, Nils Hoglander, Vasili Podkolzin - PP : Pius Suter, Nils Hoglander - PK : Vasili Podkolzin
Extra Defensemen
Normal : Shayne Gostisbehere, Martin Fehervary, Ryan Lindgren - PP : Shayne Gostisbehere - PK : Martin Fehervary, Ryan Lindgren
Penalty Shots
Sebastian Aho, Alexander Wennberg, Lucas Raymond, Kirby Dach, Joel Farabee
Custom OT Lines Forwards
Sebastian Aho, Alexander Wennberg, Lucas Raymond, Kirby Dach, Joel Farabee, Mathieu Perreault, Pius Suter, Nils Hoglander, Vasili Podkolzin, Alex Newhook
Custom OT Lines Defensemen
Zdeno Chara, Travis Sanheim, Ryan Lindgren, Philippe Myers, Shayne Gostisbehere

Scratches
C.J. Suess (Healthy), Gabriel Dumont (Healthy), Craig Anderson (Healthy)

Bruins

5 vs 5 Forward 
   Center                   Left Wing                Right Wing               Time % Phy DF OF 
 1 Claude Giroux            Brady Tkachuk            Dustin Brown             30     0   1  4  
 2 Sean Monahan             Paul Stastny             Anthony Mantha           30     0   1  4  
 3 Nico Hischier            Alex Barre-Boulet        Anthony Beauvillier      28     0   3  2  
 4 Luke Glendening          Max Comtois              Dylan Gambrell           12     0   2  3  

5 vs 5 Defense 
   Defense                  Defense                                           Time % Phy DF OF 
 1 Seth Jones               Brent Burns                                       40     0   3  2  
 2 Dmitry Kulikov           Joel Edmundson                                    30     0   3  2  
 3 Jakob Chychrun           Andy Greene                                       30     0   3  2  
 4 Seth Jones               Brent Burns                                       0      0   3  2  

PowerPlay Forward 
   Center                   Left Wing                Right Wing               Time % Phy DF OF 
 1 Sean Monahan             Brady Tkachuk            Claude Giroux            50     0   1  4  
 2 Nico Hischier            Dustin Brown             Anthony Beauvillier      50     0   1  4  

PowerPlay Defense
   Defense                  Defense                                           Time % Phy DF OF 
 1 Brent Burns              Seth Jones                                        60     0   1  4  
 2 Dmitry Kulikov           Joel Edmundson                                    40     0   1  4  

Penalty Kill 4 Players Forward 
   Center                   Wing                     Time % Phy DF OF 
 1 Luke Glendening          Nico Hischier            60     0   4  1  
 2 Dylan Gambrell           Alex Barre-Boulet        40     0   4  1  

Penalty Kill 4 Players Defense
   Defense                  Defense                  Time % Phy DF OF 
 1 Joel Edmundson           Brent Burns              50     0   4  1  
 2 Dmitry Kulikov           Seth Jones               50     0   4  1  

Penalty Kill - 3 Players Forward 
   Forward                                           Time % Phy DF OF 
 1 Luke Glendening                                   65     0   5  0  
 2 Nico Hischier                                     35     0   5  0  

Penalty Kill - 3 Players Defense
   Defense                  Defense                  Time % Phy DF OF 
 1 Seth Jones               Brent Burns              70     0   5  0  
 2 Dmitry Kulikov           Joel Edmundson           30     0   5  0  

4 vs 4 Forward 
   Center                   Wing                     Time % Phy DF OF 
 1 Claude Giroux            Dustin Brown             50     0   2  3  
 2 Sean Monahan             Brady Tkachuk            50     0   2  3  

4 vs 4 Defense
   Defense                  Defense                  Time % Phy DF OF 
 1 Jakob Chychrun           Brent Burns              50     0   2  3  
 2 Dmitry Kulikov           Seth Jones               50     0   2  3  

Last Minutes Offensive
   Center                   Left Wing                Right Wing               Defense                  Defense                  
   Sean Monahan             Brady Tkachuk            Claude Giroux            Seth Jones               Brent Burns              

Last Minutes Defensive
   Center                   Left Wing                Right Wing               Defense                  Defense                  
   Nico Hischier            Alex Barre-Boulet        Claude Giroux            Seth Jones               Brent Burns              

Goaltenders
Starting : Petr Mrazek              
Backup : Juuse Saros              

Extra Forwards
Normal : Max Comtois, Dylan Gambrell, Nico Hischier - PP : Alex Barre-Boulet, Nico Hischier - PK : Anthony Beauvillier
Extra Defensemen
Normal : Andy Greene, Dmitry Kulikov, Jakob Chychrun - PP : Joel Edmundson - PK : Andy Greene, Jakob Chychrun
Penalty Shots
Anthony Mantha, Sean Monahan, Claude Giroux, Anthony Beauvillier, Brady Tkachuk
Custom OT Lines Forwards
Brady Tkachuk, Anthony Beauvillier, Paul Stastny, Claude Giroux, Dustin Brown, Alex Barre-Boulet, Nico Hischier, Sean Monahan, Anthony Mantha, Max Comtois
Custom OT Lines Defensemen
Brent Burns, Seth Jones, Joel Edmundson, Jakob Chychrun, Dmitry Kulikov

Scratches
Taylor Raddysh (Healthy)

% Time on Ice - Nordiques

Lines # - Real PCT - Wanted PCT - Time Play
Normal Forward
1 - 28% - 25% - 15:14
2 - 23% - 25% - 12:24
3 - 24% - 25% - 13:18
4 - 26% - 25% - 14:01
Normal Defense
1 - 32% - 34% - 17:38
2 - 32% - 33% - 17:47
3 - 34% - 33% - 18:53
4 - 1% - 0% - 0:39
PP Forward
1 - 55% - 50% - 1:05
2 - 45% - 50% - 0:54
PP Defense
1 - 37% - 50% - 0:44
2 - 63% - 50% - 1:15
PK Forward
1 - 52% - 50% - 1:02
2 - 48% - 50% - 0:57
PK Defense
1 - 50% - 50% - 1:00
2 - 50% - 50% - 0:59
PK3 Forward
1 - 0% - 50%
2 - 0% - 50%
PK3 Defense
1 - 0% - 50%
2 - 0% - 50%
44 Forward
1 - 0% - 50%
2 - 0% - 50%
44 Defense
1 - 0% - 50%
2 - 0% - 50%
Last Minute Offensive  - 1:05
Last Minute Defensive  - 0:00
Total
Forward - 60:00
Defense - 60:00

% Time on Ice - Bruins

Lines # - Real PCT - Wanted PCT - Time Play
Normal Forward
1 - 31% - 30% - 17:05
2 - 28% - 30% - 15:25
3 - 27% - 28% - 14:46
4 - 14% - 12% - 7:38
Normal Defense
1 - 40% - 40% - 21:44
2 - 29% - 30% - 16:04
3 - 31% - 30% - 17:06
4 - 0% - 0% - 0:00
PP Forward
1 - 49% - 50% - 0:58
2 - 51% - 50% - 1:01
PP Defense
1 - 60% - 60% - 1:11
2 - 40% - 40% - 0:48
PK Forward
1 - 100% - 60% - 1:59
2 - 0% - 40% - 0:00
PK Defense
1 - 57% - 50% - 1:08
2 - 43% - 50% - 0:51
PK3 Forward
1 - 0% - 65%
2 - 0% - 35%
PK3 Defense
1 - 0% - 70%
2 - 0% - 30%
44 Forward
1 - 0% - 50%
2 - 0% - 50%
44 Defense
1 - 0% - 50%
2 - 0% - 50%
Last Minute Offensive  - 0:00
Last Minute Defensive  - 1:08
Total
Forward - 60:00
Defense - 60:00

Play-by-Play

1st period


0:01 of 1st period - Sebastian Aho wins face-off versus Claude Giroux in neutral zone.
0:12 of 1st period - Wrist shot by Sebastian Aho.
0:12 of 1st period - Stopped by Petr Mrazek with a rebound.
0:14 of 1st period - Slapshot by Zdeno Chara.
0:14 of 1st period - Shot Misses the Net.
0:16 of 1st period - Snap shot by Lucas Raymond.
0:16 of 1st period - Shot Misses the Net.
0:26 of 1st period - Brent Burns is hit by Zdeno Chara and loses puck.
1:09 of 1st period - Slapshot by Paul Stastny.
1:09 of 1st period - Stopped by Dan Vladar with a rebound.
1:11 of 1st period - Slapshot by Brent Burns.
1:11 of 1st period - Deflect By Kirby Dach.
1:11 of 1st period - Stopped by Dan Vladar with a rebound.
1:19 of 1st period - Slapshot by Alex Barre-Boulet.
1:19 of 1st period - Shot Misses the Net.
1:21 of 1st period - Wrist shot by Anthony Beauvillier.
1:21 of 1st period - Stopped by Dan Vladar without a rebound.
1:22 of 1st period - Sebastian Aho wins face-off versus Luke Glendening in Nordiques zone.
1:22 of 1st period - Sebastian Aho is hit by Dmitry Kulikov.
3:15 of 1st period - Snap shot by Nils Hoglander.
3:15 of 1st period - Shot Misses the Net.
3:17 of 1st period - Snap shot by Ryan Lindgren.
3:17 of 1st period - Stopped by Petr Mrazek with a rebound.
3:19 of 1st period - Wrist shot by Vasili Podkolzin.
3:19 of 1st period - Stopped by Petr Mrazek without a rebound.
3:20 of 1st period - Sean Monahan wins face-off versus Alex Newhook in Bruins zone.
3:27 of 1st period - Snap shot by Sean Monahan.
3:27 of 1st period - Stopped by Dan Vladar with a rebound.
3:45 of 1st period - Mathieu Perreault is hit by Nico Hischier and loses puck.
4:12 of 1st period - Ryan Lindgren is hit by Dustin Brown and loses puck.
4:48 of 1st period - Off-side.
4:49 of 1st period - Patrick Brown wins face-off versus Sean Monahan in neutral zone.
5:42 of 1st period - Alexander Wennberg is hit by Sean Monahan and loses puck.
5:57 of 1st period - Snap shot by Paul Stastny.
5:57 of 1st period - Shot Misses the Net.
6:27 of 1st period - Wrist shot by Paul Stastny.
6:27 of 1st period - Shot Hit the Post.
6:35 of 1st period - Wrist shot by Sean Monahan.
6:35 of 1st period - Stopped by Dan Vladar without a rebound.
6:36 of 1st period - Nico Hischier wins face-off versus Pius Suter in Nordiques zone.
7:27 of 1st period - Snap shot by Max Comtois.
7:27 of 1st period - Stopped by Dan Vladar with a rebound.
7:29 of 1st period - Slapshot by Luke Glendening.
7:29 of 1st period - Stopped by Dan Vladar without a rebound.
7:30 of 1st period - Nico Hischier wins face-off versus Kirby Dach in Nordiques zone.
7:37 of 1st period - Wrist shot by Alex Barre-Boulet.
7:37 of 1st period - Shot Blocked by Martin Fehervary.
7:39 of 1st period - Snap shot by Nico Hischier.
7:39 of 1st period - Shot Misses the Net.
7:41 of 1st period - Slapshot by Seth Jones.
7:41 of 1st period - Shot Blocked by Martin Fehervary.
8:20 of 1st period - Dylan Gambrell is hit by Sebastian Aho and loses puck.
8:36 of 1st period - Snap shot by Lucas Raymond.
8:36 of 1st period - Stopped by Petr Mrazek without a rebound.
8:37 of 1st period - Nico Hischier wins face-off versus Alex Newhook in Bruins zone.
9:09 of 1st period - Claude Giroux is hit by Mathieu Perreault and loses puck.
9:16 of 1st period - Wrist shot by Brady Tkachuk.
9:16 of 1st period - Shot Misses the Net.
9:28 of 1st period - Luke Glendening is hit by Zdeno Chara and loses puck.
9:36 of 1st period - Icing by Luke Glendening.
9:37 of 1st period - Sebastian Aho wins face-off versus Sean Monahan in Bruins zone.
9:46 of 1st period - Snap shot by Lucas Raymond.
9:46 of 1st period - Shot Misses the Net.
9:54 of 1st period - Slapshot by Lucas Raymond.
9:54 of 1st period - Shot Misses the Net.
10:06 of 1st period - Slapshot by Alex Barre-Boulet.
10:06 of 1st period - Stopped by Dan Vladar with a rebound.
10:12 of 1st period - Wrist shot by Kirby Dach.
10:12 of 1st period - Shot Misses the Net.
10:32 of 1st period - Slapshot by Claude Giroux.
10:32 of 1st period - Stopped by Dan Vladar with a rebound.
10:34 of 1st period - Snap shot by Dustin Brown.
10:34 of 1st period - Goal by Dustin Brown - Nordiques : 0 - Bruins : 1.
10:35 of 1st period - Nico Hischier wins face-off versus Pius Suter in neutral zone.
10:40 of 1st period - Wrist shot by Alex Barre-Boulet.
10:40 of 1st period - Stopped by Dan Vladar with a rebound.
10:43 of 1st period - Icing by Vasili Podkolzin.
10:44 of 1st period - Alex Barre-Boulet wins face-off versus Vasili Podkolzin in Nordiques zone.
11:17 of 1st period - Snap shot by Nico Hischier.
11:17 of 1st period - Shot Misses the Net.
13:47 of 1st period - Snap shot by Pius Suter.
13:47 of 1st period - Stopped by Petr Mrazek without a rebound.
13:48 of 1st period - Kirby Dach wins face-off versus Claude Giroux in Bruins zone.
13:57 of 1st period - Wrist shot by Joel Farabee.
13:57 of 1st period - Shot Misses the Net.
14:15 of 1st period - Alex Newhook is hit by Max Comtois and loses puck.
14:40 of 1st period - Slapshot by Lucas Raymond.
14:40 of 1st period - Stopped by Petr Mrazek without a rebound.
14:41 of 1st period - Claude Giroux wins face-off versus Kirby Dach in Bruins zone.
14:43 of 1st period - Minor Penalty to Brady Tkachuk for Hooking.
14:44 of 1st period - Luke Glendening wins face-off versus Sebastian Aho in Bruins zone.
15:30 of 1st period - Luke Glendening is hit by Sebastian Aho and loses puck.
16:14 of 1st period - Martin Fehervary is hit by Dustin Brown and loses puck.
16:43 of 1st period - Penalty to Brady Tkachuk is over, Brady Tkachuk is back on ice.
17:57 of 1st period - Dylan Gambrell is hit by Patrick Brown and loses puck.
19:48 of 1st period - Travis Sanheim is hit by Seth Jones and loses puck.
Goals for this period are 0 for Nordiques vs 1 for Bruins.
Shots for this period are 6 for Nordiques vs 11 for Bruins.

2nd period


0:01 of 2nd period - Dustin Brown wins face-off versus Joel Farabee in neutral zone.
0:13 of 2nd period - Snap shot by Joel Farabee.
0:13 of 2nd period - Stopped by Petr Mrazek without a rebound.
0:14 of 2nd period - Sebastian Aho wins face-off versus Sean Monahan in Bruins zone.
0:41 of 2nd period - Anthony Mantha is hit by Ryan Lindgren and loses puck.
0:48 of 2nd period - Snap shot by Alex Newhook.
0:48 of 2nd period - Shot Blocked by Andy Greene.
0:50 of 2nd period - Backhand shot by Ryan Lindgren.
0:50 of 2nd period - Shot Blocked by Jakob Chychrun.
1:07 of 2nd period - Kirby Dach is hit by Claude Giroux and loses puck.
1:26 of 2nd period - Wrist shot by Alex Barre-Boulet.
1:26 of 2nd period - Stopped by Dan Vladar without a rebound.
1:27 of 2nd period - Pius Suter wins face-off versus Nico Hischier in Nordiques zone.
1:53 of 2nd period - Brady Tkachuk is hit by Mathieu Perreault.
2:21 of 2nd period - Slapshot by Lucas Raymond.
2:21 of 2nd period - Stopped by Petr Mrazek with a rebound.
2:23 of 2nd period - Snap shot by Lucas Raymond.
2:23 of 2nd period - Goal by Lucas Raymond - Nordiques : 1 - Bruins : 1.
2:24 of 2nd period - Claude Giroux wins face-off versus Alex Newhook in neutral zone.
2:30 of 2nd period - Alex Newhook beats up Claude Giroux.
2:30 of 2nd period - Penalty to Claude Giroux for Fighting.
2:30 of 2nd period - Penalty to Alex Newhook for Fighting.
2:31 of 2nd period - Mathieu Perreault wins face-off versus Max Comtois in Nordiques zone.
2:44 of 2nd period - Wrist shot by Joel Farabee.
2:44 of 2nd period - Stopped by Petr Mrazek with a rebound.
2:46 of 2nd period - Wrist shot by Kirby Dach.
2:46 of 2nd period - Stopped by Petr Mrazek without a rebound.
2:47 of 2nd period - Pius Suter wins face-off versus Sean Monahan in Bruins zone.
2:54 of 2nd period - Snap shot by Patrick Brown.
2:54 of 2nd period - Goal by Patrick Brown - Nordiques : 2 - Bruins : 1.
2:55 of 2nd period - Sean Monahan wins face-off versus Sebastian Aho in neutral zone.
3:46 of 2nd period - Wrist shot by Brady Tkachuk.
3:46 of 2nd period - Stopped by Dan Vladar with a rebound.
4:17 of 2nd period - Martin Fehervary is hit by Jakob Chychrun and loses puck.
4:48 of 2nd period - Patrick Brown is hit by Brady Tkachuk and loses puck.
5:21 of 2nd period - Snap shot by Sebastian Aho.
5:21 of 2nd period - Stopped by Petr Mrazek without a rebound.
5:22 of 2nd period - Sean Monahan wins face-off versus Patrick Brown in Bruins zone.
5:28 of 2nd period - Off-side.
5:29 of 2nd period - Patrick Brown wins face-off versus Max Comtois in neutral zone.
5:40 of 2nd period - Snap shot by Brady Tkachuk.
5:40 of 2nd period - Stopped by Dan Vladar with a rebound.
5:42 of 2nd period - Snap shot by Andy Greene.
5:42 of 2nd period - Stopped by Dan Vladar with a rebound.
5:44 of 2nd period - Snap shot by Max Comtois.
5:44 of 2nd period - Shot Misses the Net.
5:54 of 2nd period - Paul Stastny is hit by Joel Farabee and loses puck.
6:07 of 2nd period - Wrist shot by Kirby Dach.
6:07 of 2nd period - Shot Blocked by Paul Stastny.
6:17 of 2nd period - Wrist shot by Lucas Raymond.
6:17 of 2nd period - Stopped by Petr Mrazek with a rebound.
7:16 of 2nd period - Snap shot by Joel Farabee.
7:16 of 2nd period - Stopped by Petr Mrazek with a rebound.
7:18 of 2nd period - Wrist shot by Zdeno Chara.
7:18 of 2nd period - Stopped by Petr Mrazek without a rebound.
7:19 of 2nd period - Sebastian Aho wins face-off versus Max Comtois in Bruins zone.
7:45 of 2nd period - Sebastian Aho is hit by Anthony Beauvillier and loses puck.
8:03 of 2nd period - Icing by Nico Hischier.
8:04 of 2nd period - Kirby Dach wins face-off versus Nico Hischier in Bruins zone.
8:29 of 2nd period - Nico Hischier is hit by Patrick Brown and loses puck.
8:58 of 2nd period - Wrist shot by Nils Hoglander.
8:58 of 2nd period - Shot Misses the Net.
9:00 of 2nd period - Slapshot by Martin Fehervary.
9:00 of 2nd period - Shot Misses the Net.
9:57 of 2nd period - Philippe Myers is hit by Brady Tkachuk and loses puck.
10:22 of 2nd period - Dylan Gambrell is hit by Ryan Lindgren and loses puck.
10:41 of 2nd period - Wrist shot by Dustin Brown.
10:41 of 2nd period - Deflect By Claude Giroux.
10:41 of 2nd period - Shot Misses the Net.
10:41 of 2nd period - Puck is out of play.
10:42 of 2nd period - Sebastian Aho wins face-off versus Claude Giroux in Nordiques zone.
11:15 of 2nd period - Off-side.
11:16 of 2nd period - Alex Newhook wins face-off versus Sean Monahan in neutral zone.
11:42 of 2nd period - Nico Hischier is hit by Mathieu Perreault and loses puck.
12:34 of 2nd period - Snap shot by Sebastian Aho.
12:34 of 2nd period - Stopped by Petr Mrazek with a rebound.
12:36 of 2nd period - Slapshot by Ryan Lindgren.
12:36 of 2nd period - Shot Misses the Net.
13:09 of 2nd period - Snap shot by Max Comtois.
13:09 of 2nd period - Shot Misses the Net.
13:15 of 2nd period - Wrist shot by Luke Glendening.
13:15 of 2nd period - Deflect By Dylan Gambrell.
13:15 of 2nd period - Stopped by Dan Vladar without a rebound.
13:16 of 2nd period - Alex Newhook wins face-off versus Claude Giroux in Nordiques zone.
13:59 of 2nd period - Slapshot by Brady Tkachuk.
13:59 of 2nd period - Stopped by Dan Vladar with a rebound.
14:05 of 2nd period - Wrist shot by Claude Giroux.
14:05 of 2nd period - Shot Misses the Net.
14:07 of 2nd period - Slapshot by Seth Jones.
14:07 of 2nd period - Stopped by Dan Vladar without a rebound.
14:08 of 2nd period - Sean Monahan wins face-off versus Kirby Dach in Nordiques zone.
14:19 of 2nd period - Snap shot by Kirby Dach.
14:19 of 2nd period - Shot Misses the Net.
14:35 of 2nd period - Travis Sanheim is hit by Nico Hischier and loses puck.
14:44 of 2nd period - Anthony Beauvillier is hit by Alex Newhook.
15:49 of 2nd period - Snap shot by Alex Newhook.
15:49 of 2nd period - Stopped by Petr Mrazek without a rebound.
15:50 of 2nd period - Claude Giroux wins face-off versus Kirby Dach in Bruins zone.
16:05 of 2nd period - Wrist shot by Brady Tkachuk.
16:05 of 2nd period - Shot Misses the Net.
16:07 of 2nd period - Slapshot by Jakob Chychrun.
16:07 of 2nd period - Shot Blocked by Shayne Gostisbehere.
16:09 of 2nd period - Wrist shot by Claude Giroux.
16:09 of 2nd period - Shot Misses the Net.
16:11 of 2nd period - Snap shot by Claude Giroux.
16:11 of 2nd period - Stopped by Dan Vladar with a rebound.
16:13 of 2nd period - Slapshot by Andy Greene.
16:13 of 2nd period - Deflect By Dustin Brown.
16:13 of 2nd period - Goal by Dustin Brown - Nordiques : 2 - Bruins : 2.
16:14 of 2nd period - Sean Monahan wins face-off versus Nils Hoglander in neutral zone.
16:21 of 2nd period - Snap shot by Paul Stastny.
16:21 of 2nd period - Stopped by Dan Vladar with a rebound.
16:23 of 2nd period - Slapshot by Brent Burns.
16:23 of 2nd period - Stopped by Dan Vladar without a rebound.
16:24 of 2nd period - Paul Stastny wins face-off versus Pius Suter in Nordiques zone.
16:33 of 2nd period - Wrist shot by Sean Monahan.
16:33 of 2nd period - Shot Blocked by Philippe Myers.
16:35 of 2nd period - Snap shot by Brent Burns.
16:35 of 2nd period - Stopped by Dan Vladar with a rebound.
16:37 of 2nd period - Slapshot by Seth Jones.
16:37 of 2nd period - Deflect By Sean Monahan.
16:37 of 2nd period - Goal by Sean Monahan - Nordiques : 2 - Bruins : 3.
16:38 of 2nd period - Sean Monahan wins face-off versus Alex Newhook in neutral zone.
17:09 of 2nd period - Snap shot by Joel Farabee.
17:09 of 2nd period - Deflect By Kirby Dach.
17:09 of 2nd period - Shot Blocked by Brady Tkachuk.
17:09 of 2nd period - Puck is out of play.
17:10 of 2nd period - Kirby Dach wins face-off versus Nico Hischier in Bruins zone.
17:33 of 2nd period - Snap shot by Brady Tkachuk.
17:33 of 2nd period - Shot Misses the Net.
17:39 of 2nd period - Snap shot by Kirby Dach.
17:39 of 2nd period - Deflect By Joel Farabee.
17:39 of 2nd period - Shot Blocked by Dustin Brown.
17:39 of 2nd period - Puck is out of play.
17:40 of 2nd period - Sean Monahan wins face-off versus Alex Newhook in Bruins zone.
18:30 of 2nd period - Wrist shot by Claude Giroux.
18:30 of 2nd period - Stopped by Dan Vladar with a rebound.
18:36 of 2nd period - Snap shot by Lucas Raymond.
18:36 of 2nd period - Shot Blocked by Dmitry Kulikov.
18:38 of 2nd period - Slapshot by Sebastian Aho.
18:38 of 2nd period - Stopped by Petr Mrazek with a rebound.
18:48 of 2nd period - Brady Tkachuk is hit by Joel Farabee and loses puck.
19:12 of 2nd period - Joel Edmundson is hit by C.J. Smith and loses puck.
19:25 of 2nd period - Anthony Mantha is hit by Vasili Podkolzin.
19:35 of 2nd period - Nico Hischier is hit by Zdeno Chara and loses puck.
Goals for this period are 2 for Nordiques vs 2 for Bruins.
Shots for this period are 13 for Nordiques vs 14 for Bruins.

3rd period


0:01 of 3rd period - Brady Tkachuk wins face-off versus Pius Suter in neutral zone.
0:09 of 3rd period - Slapshot by Pius Suter.
0:09 of 3rd period - Goal by Pius Suter - Nordiques : 3 - Bruins : 3.
0:10 of 3rd period - Alex Newhook wins face-off versus Sean Monahan in neutral zone.
0:13 of 3rd period - Slapshot by Philippe Myers.
0:13 of 3rd period - Stopped by Petr Mrazek without a rebound.
0:14 of 3rd period - Sean Monahan wins face-off versus Alex Newhook in Bruins zone.
0:25 of 3rd period - Snap shot by Sean Monahan.
0:25 of 3rd period - Shot Hit the Post.
0:27 of 3rd period - Snap shot by Paul Stastny.
0:27 of 3rd period - Shot Misses the Net.
0:41 of 3rd period - Snap shot by Nils Hoglander.
0:41 of 3rd period - Stopped by Petr Mrazek without a rebound.
0:42 of 3rd period - Claude Giroux wins face-off versus Pius Suter in Bruins zone.
1:07 of 3rd period - Pius Suter is hit by Dustin Brown and loses puck.
1:58 of 3rd period - Snap shot by Dustin Brown.
1:58 of 3rd period - Shot Misses the Net.
2:00 of 3rd period - Snap shot by Dustin Brown.
2:00 of 3rd period - Shot Blocked by Shayne Gostisbehere.
2:02 of 3rd period - Slapshot by Dmitry Kulikov.
2:02 of 3rd period - Stopped by Dan Vladar without a rebound.
2:03 of 3rd period - Nico Hischier wins face-off versus Sebastian Aho in Nordiques zone.
2:18 of 3rd period - Wrist shot by Alex Barre-Boulet.
2:18 of 3rd period - Stopped by Dan Vladar with a rebound.
2:39 of 3rd period - Snap shot by Lucas Raymond.
2:39 of 3rd period - Shot Misses the Net.
2:41 of 3rd period - Snap shot by Alexander Wennberg.
2:41 of 3rd period - Stopped by Petr Mrazek with a rebound.
2:43 of 3rd period - Wrist shot by Travis Sanheim.
2:43 of 3rd period - Deflect By Lucas Raymond.
2:43 of 3rd period - Stopped by Petr Mrazek without a rebound.
2:44 of 3rd period - Sean Monahan wins face-off versus Kirby Dach in Bruins zone.
4:18 of 3rd period - Patrick Brown is hit by Sean Monahan and loses puck.
5:04 of 3rd period - Slapshot by Lucas Raymond.
5:04 of 3rd period - Stopped by Petr Mrazek without a rebound.
5:05 of 3rd period - Sean Monahan wins face-off versus Alex Newhook in Bruins zone.
5:26 of 3rd period - Paul Stastny is hit by Philippe Myers and loses puck.
6:01 of 3rd period - Wrist shot by C.J. Smith.
6:01 of 3rd period - Shot Blocked by Jakob Chychrun.
6:27 of 3rd period - Jakob Chychrun is hit by Ryan Lindgren and loses puck.
6:47 of 3rd period - Slapshot by Jakob Chychrun.
6:47 of 3rd period - Shot Blocked by Ryan Lindgren.
6:49 of 3rd period - Slapshot by Jakob Chychrun.
6:49 of 3rd period - Shot Blocked by C.J. Smith.
6:51 of 3rd period - Wrist shot by Anthony Mantha.
6:51 of 3rd period - Stopped by Dan Vladar with a rebound.
6:53 of 3rd period - Slapshot by Anthony Mantha.
6:53 of 3rd period - Shot Misses the Net.
6:55 of 3rd period - Slapshot by Jakob Chychrun.
6:55 of 3rd period - Deflect By Paul Stastny.
6:55 of 3rd period - Deflect By Alex Newhook.
6:55 of 3rd period - Stopped by Dan Vladar with a rebound.
6:57 of 3rd period - Slapshot by Paul Stastny.
6:57 of 3rd period - Goal by Paul Stastny - Nordiques : 3 - Bruins : 4.
6:58 of 3rd period - Nico Hischier wins face-off versus Kirby Dach in neutral zone.
7:27 of 3rd period - Snap shot by Claude Giroux.
7:27 of 3rd period - Stopped by Dan Vladar without a rebound.
7:28 of 3rd period - Sebastian Aho wins face-off versus Claude Giroux in Nordiques zone.
7:28 of 3rd period - Sebastian Aho is hit by Brady Tkachuk.
7:31 of 3rd period - Icing by Lucas Raymond.
7:32 of 3rd period - Claude Giroux wins face-off versus Alexander Wennberg in Nordiques zone.
7:41 of 3rd period - Snap shot by Claude Giroux.
7:41 of 3rd period - Stopped by Dan Vladar with a rebound.
7:47 of 3rd period - Wrist shot by Sebastian Aho.
7:47 of 3rd period - Stopped by Petr Mrazek with a rebound.
7:49 of 3rd period - Snap shot by Sebastian Aho.
7:49 of 3rd period - Shot Blocked by Seth Jones.
8:19 of 3rd period - Snap shot by Sebastian Aho.
8:19 of 3rd period - Shot Misses the Net.
8:21 of 3rd period - Wrist shot by Alexander Wennberg.
8:21 of 3rd period - Stopped by Petr Mrazek with a rebound.
8:23 of 3rd period - Backhand shot by Sebastian Aho.
8:23 of 3rd period - Shot Blocked by Claude Giroux.
8:25 of 3rd period - Slapshot by Martin Fehervary.
8:25 of 3rd period - Shot Misses the Net.
8:59 of 3rd period - Wrist shot by Sebastian Aho.
8:59 of 3rd period - Shot Blocked by Brent Burns.
9:41 of 3rd period - Wrist shot by Brady Tkachuk.
9:41 of 3rd period - Shot Blocked by Sebastian Aho.
9:55 of 3rd period - Snap shot by Sebastian Aho.
9:55 of 3rd period - Shot Misses the Net.
10:01 of 3rd period - Slapshot by Lucas Raymond.
10:01 of 3rd period - Stopped by Petr Mrazek without a rebound.
10:02 of 3rd period - Nico Hischier wins face-off versus Kirby Dach in Bruins zone.
10:09 of 3rd period - Wrist shot by Alex Barre-Boulet.
10:09 of 3rd period - Stopped by Dan Vladar with a rebound.
10:13 of 3rd period - Wrist shot by Alex Barre-Boulet.
10:13 of 3rd period - Shot Misses the Net.
10:27 of 3rd period - Sean Monahan is hit by Pius Suter and loses puck.
10:34 of 3rd period - Slapshot by Jakob Chychrun.
10:34 of 3rd period - Shot Misses the Net.
10:36 of 3rd period - Backhand shot by Andy Greene.
10:36 of 3rd period - Stopped by Dan Vladar without a rebound.
10:37 of 3rd period - Alex Newhook wins face-off versus Nico Hischier in Nordiques zone.
10:48 of 3rd period - Snap shot by Alex Barre-Boulet.
10:48 of 3rd period - Stopped by Dan Vladar without a rebound.
10:49 of 3rd period - Nico Hischier wins face-off versus Kirby Dach in Nordiques zone.
10:52 of 3rd period - Wrist shot by Alex Barre-Boulet.
10:52 of 3rd period - Stopped by Dan Vladar without a rebound.
10:53 of 3rd period - Nico Hischier wins face-off versus Kirby Dach in Nordiques zone.
11:02 of 3rd period - Slapshot by Nico Hischier.
11:02 of 3rd period - Deflect By Mathieu Perreault.
11:02 of 3rd period - Stopped by Dan Vladar without a rebound.
11:03 of 3rd period - Nico Hischier wins face-off versus Pius Suter in Nordiques zone.
11:24 of 3rd period - Minor Penalty to Zdeno Chara for Interference.
11:25 of 3rd period - Kirby Dach wins face-off versus Nico Hischier in Nordiques zone.
13:06 of 3rd period - Vasili Podkolzin is hit by Max Comtois and loses puck.
13:24 of 3rd period - Penalty to Zdeno Chara is over, Zdeno Chara is back on ice.
13:31 of 3rd period - Snap shot by Max Comtois.
13:31 of 3rd period - Stopped by Dan Vladar with a rebound.
13:33 of 3rd period - Snap shot by Max Comtois.
13:33 of 3rd period - Shot Misses the Net.
13:41 of 3rd period - Dylan Gambrell is hit by Zdeno Chara and loses puck.
13:52 of 3rd period - Kirby Dach is hit by Max Comtois.
14:19 of 3rd period - Icing by Jakob Chychrun.
14:20 of 3rd period - Luke Glendening wins face-off versus Alex Newhook in Bruins zone.
14:33 of 3rd period - Wrist shot by Max Comtois.
14:33 of 3rd period - Shot Misses the Net.
15:10 of 3rd period - Snap shot by Joel Farabee.
15:10 of 3rd period - Stopped by Petr Mrazek with a rebound.
15:16 of 3rd period - Mathieu Perreault is hit by Jakob Chychrun and loses puck.
15:21 of 3rd period - Slapshot by Paul Stastny.
15:21 of 3rd period - Stopped by Dan Vladar without a rebound.
15:22 of 3rd period - Alex Newhook wins face-off versus Claude Giroux in Nordiques zone.
15:51 of 3rd period - Snap shot by Nico Hischier.
15:51 of 3rd period - Stopped by Dan Vladar without a rebound.
15:52 of 3rd period - Nico Hischier wins face-off versus Pius Suter in Nordiques zone.
16:19 of 3rd period - Dmitry Kulikov is hit by C.J. Smith and loses puck.
17:02 of 3rd period - Icing by Seth Jones.
17:03 of 3rd period - Sebastian Aho wins face-off versus Luke Glendening in Bruins zone.
17:12 of 3rd period - Wrist shot by Sebastian Aho.
17:12 of 3rd period - Shot Blocked by Seth Jones.
17:14 of 3rd period - Slapshot by Zdeno Chara.
17:14 of 3rd period - Stopped by Petr Mrazek with a rebound.
17:16 of 3rd period - Slapshot by Zdeno Chara.
17:16 of 3rd period - Deflect By Sebastian Aho.
17:16 of 3rd period - Shot Misses the Net.
17:16 of 3rd period - Puck is out of play.
17:17 of 3rd period - Pius Suter wins face-off versus Nico Hischier in Bruins zone.
17:32 of 3rd period - Wrist shot by Nils Hoglander.
17:32 of 3rd period - Shot Misses the Net.
17:42 of 3rd period - Nico Hischier is hit by Travis Sanheim and loses puck.
17:51 of 3rd period - Snap shot by Kirby Dach.
17:51 of 3rd period - Shot Misses the Net.
17:53 of 3rd period - Snap shot by Joel Farabee.
17:53 of 3rd period - Stopped by Petr Mrazek with a rebound.
17:55 of 3rd period - Snap shot by Ryan Lindgren.
17:55 of 3rd period - Deflect By Kirby Dach.
17:55 of 3rd period - Shot Blocked by Dmitry Kulikov.
17:55 of 3rd period - Puck is out of play.
17:56 of 3rd period - Pius Suter wins face-off versus Claude Giroux in Bruins zone.
18:21 of 3rd period - Alex Newhook is hit by Paul Stastny and loses puck.
18:28 of 3rd period - Wrist shot by Paul Stastny.
18:28 of 3rd period - Stopped by Dan Vladar with a rebound.
18:30 of 3rd period - Slapshot by Jakob Chychrun.
18:30 of 3rd period - Stopped by Dan Vladar with a rebound.
18:32 of 3rd period - Slapshot by Jakob Chychrun.
18:32 of 3rd period - Stopped by Dan Vladar without a rebound.
18:33 of 3rd period - Nico Hischier wins face-off versus Pius Suter in Nordiques zone.
19:17 of 3rd period - Nordiques, Dan Vladar is pulled from the net.
19:23 of 3rd period - Snap shot by Sebastian Aho.
19:23 of 3rd period - Shot Blocked by Brent Burns.
Goals for this period are 1 for Nordiques vs 1 for Bruins.
Shots for this period are 12 for Nordiques vs 18 for Bruins. Output by the SimonT Hockey Simulator (STHS) for Alexandre Lamarre - Original Page W3C HTML5 Valid
Hockey Simulator - Hockey Simulation - Hockey Manager